 Dungeon Crawl Stone Soup version 0.31.0-32-g396128a36d (webtiles) character file.

Game seed: 14260080061418041537

40 Ogmund the Sneak (level 3, 0/30 HPs)
             Began as a Draconian Brigand on Apr 3, 2024.
             Succumbed to an adder's poison
             ... on level 1 of the Dungeon.
             The game lasted 00:02:51 (866 turns).

Ogmund the Sneak (Draconian Brigand)                 Turns: 866, Time: 00:02:51

Health: 0/30       AC:  6    Str: 13    XL:     3   Next: 30%
Magic:  3/3        EV: 11    Int: 13    God:
Gold:   24         SH:  0    Dex: 12    Spells: 2/2 levels left

rFire   . . .        a - +2 dagger
rCold   . . .        (no shield)
rNeg    . . .        (body armour unavailable)
rPois   .            (helmet restricted)
rElec   .            b - +0 cloak
rCorr   .            (no gloves)
SInv    .            (no boots)
Will    .....        (no amulet)
Stlth   +++          (no ring)
HPRegen 0.25/turn    (no ring)
MPRegen 0.08/turn

%: no passive effects
@: lethally poisoned (0 -> -6)
A: AC +5, unfitting armour, cold-blooded
a: no special abilities


You were on level 1 of the Dungeon.
You visited 1 branch of the dungeon, and saw 2 of its levels.

You collected 24 gold pieces.

Inventory:

Hand Weapons
 a - a +2 dagger (weapon)
Missiles
 c - 8 poisoned darts (quivered)
 d - 3 curare-tipped darts
Armour
 b - a +0 cloak (worn)


   Skills:
 * Level 2.3 Fighting
 * Level 2.3 Short Blades
 * Level 2.0 Throwing
 * Level 1.2 Dodging
 * Level 4.3 Stealth


You had 2 spell levels left.
You didn't know any spells.
Your spell library was empty.

Dungeon Overview and Level Annotations

Branches:
Dungeon (2/15)

Altars:

Annotations:
D:2 Sigmund


Innate Abilities, Weirdness & Mutations

Your plain brown scales are hard. (AC +5)
You cannot fit into any form of body armour.
You are cold-blooded and may be slowed by cold attacks.


Message History

The adder attacks as it pursues you! The adder barely misses you.
The adder bites you but does no damage.
There is a stone staircase leading up here.
Sigmund mumbles some strange words.
Sigmund flickers and vanishes!
Deactivating autopickup; reactivate with Ctrl-A.
The frilled lizard barely misses you. The adder bites you.
* * * LOW HITPOINT WARNING * * *
You climb upwards.
Reactivating autopickup.
There is a stone staircase leading down here.
The adder attacks as it pursues you! The adder barely misses you.
The adder attacks as it pursues you! The adder bites you.
* * * LOW HITPOINT WARNING * * *
The frilled lizard bites you.
* * * LOW HITPOINT WARNING * * *
The adder attacks as it pursues you! The adder barely misses you.
The adder bites you.
* * * LOW HITPOINT WARNING * * *
You see here a +0 dagger.
The adder bites you but does no damage. The adder bites you.
* * * LOW HITPOINT WARNING * * *
You are lethally poisoned!
The adder poisons you!
* * * LOW HITPOINT WARNING * * *
You feel sick.
Unknown command.
You aren't carrying any potions.
* * * LOW HITPOINT WARNING * * *
You feel sick.
You miss the adder.
The adder is heavily wounded.
The adder bites you.
* * * LOW HITPOINT WARNING * * *
You are more poisoned.
The adder poisons you!
You closely miss the adder.
The adder is heavily wounded.
You die...

#....# #..####.##.# #.##.# #..#
#.##.# #.##.# #..# #.##.# #.##.#
#..# ##.##.# #.##.# #..###...#.#
#.##.# #..........# #.##.#
##.###...### ###.##.####.# ##.##
............####@#
♣♣♣♣..........##S# #####
...♣♣...........l###...####
....♣♣#..........##.>.....#
♣....♣...........)......#.#
.....♣......#..#........#.#######
♣....♣.###.##..#####.............
....♣♣.....##..# ##.###.#######
...♣♣....####..# #.# #.#


You could see an adder and a frilled lizard.

Vanquished Creatures
  A dart slug (D:1)
  5 ball pythons (D:1)
  2 bats (D:1)
  4 giant cockroaches (D:1)
  3 goblins (D:1)
  4 hobgoblins (D:1)
  3 jackals (D:1)
  4 quokkas (D:1)
  2 frilled lizards (D:1)
  2 kobolds (D:1)
  4 rats (D:1)
34 creatures vanquished.

Notes
Turn   | Place    | Note
-------+----------+-------------------------------------------
     0 | D:1      | Ogmund the Draconian Brigand began the quest for the Orb.
     0 | D:1      | Reached XP level 1. HP: 17/17 MP: 1/1
    89 | D:1      | Reached skill level 1 in Dodging
   122 | D:1      | Reached skill level 4 in Stealth
   122 | D:1      | Reached XP level 2. HP: 24/24 MP: 2/2
   380 | D:1      | Reached XP level 3. HP: 21/29 MP: 3/3
   842 | D:2      | Noticed Sigmund
   866 | D:1      | Succumbed to an adder's poison

Illustrated notes

Levels and vault maps discovered:
D:1:      amcnicky_arrival_underground_garden, layout_loops_ring
D:2:      layout_loops_cross, basic_altar, basic_ecumenical_altar, uniq_sigmund,
          uniq_robin, uniq_terence

Skill      XL: |  1  2 |
---------------+-------+-----
Dodging        | 1 |  1.2
Stealth        | 4 |  4.3
Throwing       | 2 |  2.0
Fighting       | |  2.3
Short Blades   | |  2.3

Action                     || total
---------------------------++-------
  Melee: Dagger            ||   132
         Tailslap          ||     8
         Punch             ||     1
  Throw: Dart              ||    17
    Use: Scroll            ||     1
   Stab: Sleeping          ||     1
 Armour: Skin              ||    99
  Dodge: Dodged            ||    83
